 Dungeon Crawl Stone Soup version 0.20-a0-375-gc02d24d (webtiles) character file.

49192 MirrMurr the Bludgeoner (level 14, -9/92 HPs)
             Began as a Gargoyle Berserker on Dec 28, 2016.
             Was a High Priest of Trog.
             Mangled by an ettin
             ... wielding a +0 dire flail
              (16 damage)
             ... on level 1 of the Orcish Mines.
             The game lasted 00:43:48 (18830 turns).

MirrMurr the Bludgeoner (Gargoyle Berserker)       Turns: 18830, Time: 00:43:49

Health: -9/92      AC: 27    Str: 20    XL:     14   Next: 49%
Magic:  14/14      EV:  8    Int: 10    God:    Trog [*****.]
Gold:   1678       SH:  5    Dex: 13    Spells: 13/13 levels left

rFire  . . .     SeeInvis .     a - +2 morningstar (drain)
rCold  . . .     Gourm    .     K - +0 plate armour
rNeg   + . .     Faith    .     M - +0 buckler
rPois  ∞         Spirit   .     (no helmet)
rElec  +         Reflect  .     I - +1 cloak
rCorr  .         Harm     .     (no gloves)
MR     +++..                    (no boots)
Stlth  ..........               (no amulet)
                                (no ring)
                                (no ring)

@: flying, regenerating, drained
A: big wings, negative energy resistance 1, electricity resistance, unbreathing,
petrification resistance, rot immunity, AC +9
a: Stop Flying, Berserk, Trog's Hand, Brothers in Arms, Burn Spellbooks,
Renounce Religion


You were on level 1 of the Orcish Mines.
You worshipped Trog.
Trog was extremely pleased with you.
You were not hungry.

You visited 3 branches of the dungeon, and saw 18 of its levels.

You collected 1678 gold pieces.

Inventory:

Hand Weapons
 a - a +2 morningstar of draining (weapon)
 b - a +0 blowgun
Missiles
 k - 3 curare-tipped needles
 l - 39 tomahawks (quivered)
 v - 81 poisoned needles
 w - 4 throwing nets
 H - 626 stones
Armour
 I - a +1 cloak (worn)
 K - a +0 plate armour (worn)
 M - a +0 buckler (worn)
Jewellery
 f - an uncursed ring of fire
Wands
 o - a wand of lightning (2/15)
 s - a wand of digging (16/24)
 x - a wand of lightning (7/15)
 A - a wand of flame (23/48)
 D - a wand of disintegration (19/24)
 G - a wand of acid (2/15)
 J - a wand of iceblast (7/15)
Scrolls
 g - 5 scrolls of enchant weapon
 i - 2 scrolls of identify
 r - 10 scrolls of remove curse
 u - 2 scrolls of fear
 y - a scroll of brand weapon
 F - a scroll of enchant armour
 P - a scroll of fog
Potions
 e - 4 potions of haste
 h - 2 potions of ambrosia
 m - 9 potions of curing
 n - 4 potions of mutation
 p - 2 potions of cure mutation
 t - 3 potions of heal wounds
 z - 3 potions of berserk rage
 B - 3 potions of agility
 E - 2 potions of might
Comestibles
 c - 12 bread rations
 d - 7 slices of pizza
 j - 12 fruits
 q - 4 meat rations
 L - a beef jerky


   Skills:
 + Level 12.0(11.3) Fighting
 + Level 16.9(16.0) Maces & Flails
 + Level 0.8(0.2) Throwing
 + Level 12.9(12.1) Armour
 + Level 4.0(3.4) Dodging
 * Level 6.6(5.9) Shields


You had 13 spell levels left.
You didn't know any spells.

Dungeon Overview and Level Annotations

Branches:
Dungeon (10/15)            Temple (0/1) D:7            Lair (6/6) D:9
  Swamp (0/4) Lair:2       Spider (0/4) Lair:3        Slime (0/5) Lair:6
    Orc (2/2) D:10
    Elf: Orc:2

Altars:
Makhleb
The Shining One
Beogh

Shops:
D:5 :

Annotations:
Orc:2 WhatIsLove's ghost, journeyman TeAE


Innate Abilities, Weirdness & Mutations

You are resistant to torment.
Your stone body is resilient. (AC +9)
You are immune to poison.
Your large and strong wings let you fly indefinitely.
You resist negative energy. (rN+)
You are resistant to electric shocks. (rElec)
You can survive without breathing.
You are immune to petrification.
You are immune to rotting.


Message History

* * * LOW HITPOINT WARNING * * *
The ettin hits you but does no damage.
You hit the ettin. You drain the ettin!
The ettin is lightly wounded.
You hit the ettin.
The ettin is lightly wounded.
The ettin hits you with a dire flail!
* * * LOW HITPOINT WARNING * * *
The ettin hits you with a dire flail.
* * * LOW HITPOINT WARNING * * *
Okay, then.
You feel much better. The ettin hits you with a dire flail!
* * * LOW HITPOINT WARNING * * *
The ettin barely misses you.
Your skin crawls.
You feel resistant to hostile enchantments.
You feel quite a bit more hungry. The ettin hits you with a dire flail!
* * * LOW HITPOINT WARNING * * *
The ettin hits you with a dire flail!
You die...

.##.###.............##....#
.....#...................##
....###................###
....##.#..............##
##..............>....####
###.^................##.##
.#....##..#..............##
......#...#....C..........#
..........#.....@........##
..#............_...##...##
.###...............##..##
## ##.#................# .#
#####.......^.....## ##
#............## #
##.#.........####
###...#..#...##.##
##.##.####........#


You could see an ettin.

Vanquished Creatures
  6 hydras
  2 two-headed ogres (D:9)
  A merfolk avatar (Lair:6)
  A catoblepas (Lair:5)
  5 death yaks (Lair:5)
  Nergalle (D:10)
  A fire crab (Lair:6)
  The ghost of flinch the Cruncher, a novice FoFi of Okawaru (D:7)
  A sea snake (Lair:6)
  The ghost of WhatIsLove the Zephyrmancer, a novice TeAE of Sif Muna (D:6)
  A harpy (Lair:6)
  Pikel (D:7)
  2 manticores (Lair:6)
  3 black mambas
  A cyclops (Orc:1)
  An elephant (Lair:6)
  A guardian serpent (D:9)
  16 spiny frogs
  A torpor snail (Lair:4)
  7 komodo dragons
  5 rime drakes
  3 trolls
  5 polar bears (Lair:6)
  3 hippogriffs
  11 dream sheep
  Sigmund (D:2)
  13 blink frogs
  A spriggan (D:7)
  49 yaks
  7 wyverns
  A hungry ghost (D:10)
  A warg (Orc:1)
  12 water moccasins
  6 swamp worms (Lair:2)
  11 porcupines
  6 orc warriors
  A slave (D:7)
  An ice beast (D:8)
  4 sky beasts
  7 ogres
  3 centaurs
  4 wolves (Lair:1)
  8 crocodiles
  The ghost of WhatIsLove the Gusty, an amateur TeAE (D:4)
  10 bullfrogs
  A gnoll sergeant (D:8)
  A wyvern skeleton (D:6)
  6 scorpions
  16 killer bees
  4 howler monkeys
  4 wights
  2 electric eels (Lair:2)
  2 bullfrog zombies
  3 crimson imps
  3 quasits
  4 jellies
  A gnoll shaman (D:5)
  8 hounds
  8 orc priests
  3 bullfrog skeletons
  3 iguanas
  15 worker ants
  13 orc wizards
  2 hound zombies
  11 gnolls
  2 howler monkey skeletons
  10 adders
  4 shadow imps
  A white imp (D:10)
  4 oozes
  An adder zombie (D:6)
  5 worms
  3 dart slugs
  5 leopard geckos
  35 orcs
  7 bats
  3 giant cockroaches
  7 goblins
  12 hobgoblins
  3 kobolds
  4 quokkas
  A ball python (D:2)
  3 frilled lizards (D:2)
  A leopard gecko skeleton (D:5)
  A quokka skeleton (D:7)
  A quokka zombie (D:8)
  6 rats
  24 plants
481 creatures vanquished.

Vanquished Creatures (others)
  2 orcs (D:7)
  5 fungi
  13 plants
20 creatures vanquished.

Grand Total: 501 creatures vanquished

Notes
Turn   | Place    | Note
-------+----------+-------------------------------------------
     0 | D:1      | MirrMurr the Gargoyle Berserker began the quest for the Orb.
     0 | D:1      | Reached XP level 1. HP: 14/14 MP: 1/1
   321 | D:1      | Reached XP level 2. HP: 19/19 MP: 2/2
  1087 | D:1      | Reached XP level 3. HP: 20/24 MP: 3/3
  1337 | D:2      | Reached skill level 4 in Maces & Flails
  1347 | D:2      | Reached ** piety under Trog
  1480 | D:2      | Reached XP level 4. HP: 16/29 MP: 4/4
  1916 | D:2      | Noticed Sigmund
  1946 | D:2      | Killed Sigmund
  1946 | D:2      | Reached skill level 5 in Maces & Flails
  1946 | D:2      | Reached XP level 5. HP: 8/34 MP: 5/5
  1946 | D:2      | Reached XP level 6. HP: 9/39 MP: 6/6
  2377 | D:2      | Found a glowing golden altar of the Shining One.
  2767 | D:3      | Found a faded altar of an unknown god.
  2855 | D:3      | Reached skill level 6 in Maces & Flails
  3602 | D:4      | Noticed WhatIsLove's ghost (amateur TeAE)
  3635 | D:4      | Killed WhatIsLove's ghost
  3829 | D:4      | Got a translucent helmet
  3835 | D:4      | Identified the +0 helmet of Complete Protection {rPois Str+3 Stlth-} (You found it on level 4 of the Dungeon)
  3918 | D:4      | Reached XP level 7. HP: 35/44 MP: 7/7
  4459 | D:4      | Reached skill level 7 in Maces & Flails
  4489 | D:5      | Entered Level 5 of the Dungeon
  4603 | D:5      | Reached *** piety under Trog
  4603 | D:5      | Reached skill level 5 in Fighting
  4729 | D:5      | Reached XP level 8. HP: 26/49 MP: 8/8
  5016 | D:5      | Found Fydymp's Book Boutique.
  5039 | D:5      | Reached skill level 8 in Maces & Flails
  5666 | D:6      | Noticed WhatIsLove's ghost (novice TeAE)
  5707 | D:6      | Killed WhatIsLove's ghost
  5707 | D:6      | Reached skill level 9 in Maces & Flails
  5707 | D:6      | Reached XP level 9. HP: 55/55 MP: 9/9
  6020 | D:6      | Reached skill level 10 in Maces & Flails
  6287 | D:6      | Reached skill level 5 in Armour
  6361 | D:7      | Found a staircase to the Ecumenical Temple.
  6425 | D:6      | Reached **** piety under Trog
  6797 | D:7      | Reached skill level 11 in Maces & Flails
  6799 | D:7      | Noticed flinch's ghost (novice FoFi)
  6932 | D:7      | Killed flinch's ghost
  6938 | D:7      | Reached XP level 10. HP: 55/61 MP: 10/10
  7208 | D:7      | Noticed Pikel
  7224 | D:7      | Killed Pikel
  7593 | D:8      | Reached skill level 12 in Maces & Flails
  8940 | D:9      | Reached ***** piety under Trog
  9022 | D:9      | Reached skill level 13 in Maces & Flails
  9102 | D:9      | Reached XP level 11. HP: 36/68 MP: 11/11
  9283 | D:9      | Found a staircase to the Lair.
  9486 | D:9      | Noticed a two-headed ogre
  9497 | D:9      | Killed a two-headed ogre
  9752 | D:9      | Noticed a two-headed ogre
  9761 | D:9      | Killed a two-headed ogre
  9822 | Lair:1   | Entered Level 1 of the Lair of Beasts
 10021 | Lair:1   | Noticed a seven-headed hydra
 10044 | Lair:1   | Killed a seven-headed hydra
 10044 | Lair:1   | Reached skill level 14 in Maces & Flails
 10638 | Lair:2   | Noticed a seven-headed hydra
 10644 | Lair:2   | Killed a seven-headed hydra
 10806 | Lair:2   | Reached XP level 12. HP: 74/75 MP: 12/12
 10808 | Lair:2   | Noticed a five-headed hydra
 10837 | Lair:2   | Killed a five-headed hydra
 11119 | Lair:2   | Reached skill level 15 in Maces & Flails
 11675 | Lair:2   | Found a staircase to the Swamp.
 11728 | Lair:2   | You fall through a shaft!
 12204 | Lair:3   | Found a hole to the Spider Nest.
 12246 | Lair:3   | Reached skill level 10 in Armour
 12611 | Lair:3   | HP: 1/77 [spiny frog (9)]
 12616 | Lair:3   | HP: 3/77 [yak (3)]
 12911 | Lair:3   | Received a gift from Trog
 13265 | Lair:3   | Reached XP level 13. HP: 65/82 MP: 13/13
 13616 | Lair:4   | Reached skill level 16 in Maces & Flails
 13686 | Lair:4   | Got a twitching pewter ring
 13797 | Lair:4   | Reached skill level 10 in Fighting
 14132 | Lair:4   | Identified the ring of Beauty {rCorr rF+ Str+3 Dex-4 Stlth+} (You found it on level 4 of the Lair of Beasts)
 15057 | Lair:5   | Reached skill level 1 in Shields
 16230 | Lair:6   | Entered Level 6 of the Lair of Beasts
 16628 | Lair:6   | Gained mutation: Your large and strong wings let you fly indefinitely. [Gargoyle growth]
 16628 | Lair:6   | Reached XP level 14. HP: 74/90 MP: 14/14
 16663 | Lair:6   | Reached skill level 5 in Shields
 16710 | Lair:6   | Found a staircase to the Slime Pits.
 17477 | D:10     | Entered Level 10 of the Dungeon
 17497 | D:9      | Received a gift from Trog
 17560 | D:10     | Found a staircase to the Orcish Mines.
 17594 | D:10     | Noticed Nergalle
 17634 | D:10     | Killed Nergalle
 18168 | Orc:1    | Entered Level 1 of the Orcish Mines
 18470 | Orc:1    | Found a burning altar of Makhleb.
 18706 | Orc:2    | Entered Level 2 of the Orcish Mines
 18712 | Orc:2    | Found a roughly hewn altar of Beogh.
 18725 | Orc:2    | Noticed WhatIsLove's ghost (journeyman TeAE)
 18830 | Orc:1    | Mangled by an ettin

Vault maps used:
D:1:      dpeg_arrival_simpleton_b, grunt_decor_arrowhead
D:2:      grunt_ministairs_6, tso_altar, uniq_sigmund
D:3:      chequers_ecumenical_altar_island, feat_on_display
D:4:      wad_river_or_something, first_bread
D:5:      serial_shops, nicolae_shop_window_shopping
D:7:      hangedman_decor_clover_reticule, minivault_5, the_bakery,
          kennysheep_doodads, hangedman_decor_riveting, uniq_pikel
D:8:      enter_ossuary_2
D:9:      david_lair_shrubbed, minmay_misc_feat_x, nrook_guardian_serpent_double
D:10:     david_orc_2, minmay_fire_ice_demons, uniq_nergalle
Lair:2:   wad_woods_04, nicolae_swamp_entry_splash_gauntlet,
          infiniplex_staircase_pool, serial_bayou_shore_b
Lair:3:   nicolae_spider_entry_non_spiders
Lair:4:   wad_woods_structure_01
Lair:5:   grunt_forest_small_clearing_treed
Lair:6:   gammafunk_lair_ancient_temple, slime_dummy, lemuel_fruit_fields
Orc:1:    basic_altar
Orc:2:    st_orc_rangers, basic_altar, mines3_lemuel

Skill      XL: |  1  2  3  4  5  6  7  8  9 10 11 12 13 14 |
---------------+-------------------------------------------+-----
Maces & Flails | 4 5 6 7 9 11 13 14 15 16 | 16.9
Fighting       | 4 5 6 7 8 9 11 12 | 12.0
Armour         | 3 4 5 7 8 10 12 | 12.9
Dodging        | 2 3 4 |  4.0
Shields        | 4 6 |  6.6
Throwing       | |  0.8

Action                   |  1- 3 |  4- 6 |  7- 9 | 10-12 | 13-15 || total
-------------------------+-------+-------+-------+-------+-------++-------
Melee: Mace              |    95 |   192 |   298 |       |       ||   585
       Morningstar       |       |       |   129 |   743 |   896 ||  1768
 Fire: Blowgun           |       |       |       |     4 |       ||     4
Throw: Tomahawk          |       |     3 |       |       |       ||     3
Invok: Berserk           |       |     3 |     2 |     2 |     2 ||     9
       Trog's Hand       |       |     1 |     3 |     3 |     7 ||    14
       Burn Spellbooks   |       |       |       |     1 |     4 ||     5
 Abil: Fly               |       |       |       |       |     1 ||     1
  Use: Scroll            |     5 |     1 |     7 |     8 |    10 ||    31
       Potion            |       |       |       |       |     2 ||     2
 Stab: Sleeping          |     1 |     1 |     4 |     1 |       ||     7
  Eat: Chunk             |     2 |     9 |     7 |    25 |    17 ||    60
       Meat ration       |       |       |     1 |       |       ||     1
       Beef jerky        |       |       |     1 |       |     4 ||     5
       Royal jelly       |       |       |       |       |     1 ||     1
Armor: Animal skin       |    30 |       |       |       |       ||    30
       Scale mail        |    13 |   128 |   279 |    41 |       ||   461
       Plate armour      |       |       |       |   538 |   416 ||   954
Dodge: Dodged            |    48 |   128 |   274 |   282 |   218 ||   950
Block: Buckler           |       |       |       |     1 |   128 ||   129
